 Dungeon Crawl Stone Soup version 0.21.0-24-g2553a33 (webtiles) character file.

40 Grimoiregrey the Changer (level 3, 0/28 HPs)
             Began as a Draconian Transmuter on Jan 21, 2018.
             Slain by a worm (6 damage)
             ... on level 2 of the Dungeon.
             The game lasted 00:07:18 (1318 turns).

Grimoiregrey the Changer (Draconian Transmuter)     Turns: 1318, Time: 00:07:18

Health: 0/28       AC:  5    Str: 12    XL:     3   Next: 30%
Magic:  5/6        EV: 12    Int: 14    God:
Gold:   63         SH:  0    Dex: 11    Spells: 5/6 levels left

rFire    . . .     SeeInvis .     - Unarmed
rCold    . . .     Gourm    .   (no shield)
rNeg     . . .     Faith    .   (armour unavailable)
rPois    .         Spirit   .   (helmet restricted)
rElec    .         Reflect  .   (no cloak)
rCorr    .         Harm     .   (no gloves)
MR       .....                  (boots currently unavailable)
Stlth    +.........             (no amulet)
HPRegen  0.09/turn              (no ring)
MPRegen  0.10/turn              (no ring)

@: appendage, very slightly contaminated
A: unfitting armour, talons 3, cold-blooded, AC +5
a: End Transformation


You were on level 2 of the Dungeon.
You were hungry.
You had grown temporary talons.
You visited 1 branch of the dungeon, and saw 2 of its levels.

You collected 63 gold pieces.

Inventory:

Missiles
 a - 12 arrows
Scrolls
 d - a scroll of remove curse {unknown}
 f - a scroll of identify {unknown}
 g - a scroll of blinking {unknown}
Potions
 e - 2 potions of haste {unknown}
Books
 b - a book of Changes

   Spells                             Type                      Level
   a - Beastly Appendage              Transmutation                1
   b - Sticks to Snakes               Transmutation                2
   c - Spider Form                    Transmutation/Poison         3
   d - Ice Form                       Ice/Transmutation            4
   e - Blade Hands                    Transmutation                5
Comestibles
 c - 2 rations


   Skills:
 - Level 1.1 Fighting
 - Level 1.7 Dodging
 - Level 3.1 Unarmed Combat
 - Level 2.0 Spellcasting
 + Level 3.7 Transmutations


You had 5 spell levels left.
You knew the following spells:

 Your Spells              Type           Power        Failure   Level  Hunger
a - Beastly Appendage     Tmut           ##....       5%          1    ##.....


Dungeon Overview and Level Annotations

Branches:
Dungeon (2/15)

Altars:
Trog


Innate Abilities, Weirdness & Mutations

Your plain brown scales are hard. (AC +5)
You cannot fit into any form of body armour.
You are cold-blooded and may be slowed by cold attacks.
You have claws for feet.


Message History

You hit the quokka.
You kill the quokka!
Casting: Beastly Appendage
Confirm with . or Enter, or press ? or * to list all spells.
Your feet morph into talons.
You hit the worm.
The worm is lightly wounded.
The worm bites you.
* * * LOW HITPOINT WARNING * * *
You hit the worm. Your kick misses the worm.
The worm is lightly wounded.
You hit the worm.
The worm is moderately wounded.
The worm bites you but does no damage.
You barely miss the worm.
The worm is lightly wounded.
You barely miss the worm. You tail-slap the worm.
The worm is moderately wounded.
The worm bites you.
You die...

......... ........# ..#
........# ..#
........########## ..#
.................# #.#
#..............# ##.##
#....[.........# ##...##
####...........####.....##
#..........@w.#.......#..#
#......######....._......#
#......# ###.......#..#
#......# ##.....## #
#......# ##...## #......#
##.## #......# #?#
#......# #.. ######......#
####


You could see a worm.

Vanquished Creatures
  An adder (D:2)
  An ooze (D:1)
  A giant cockroach (D:1)
  2 goblins (D:1)
  3 hobgoblins (D:1)
  2 jackals (D:1)
  A quokka (D:2)
  3 bats (D:1)
  A frilled lizard (D:1)
  9 kobolds (D:1)
  3 rats (D:1)
27 creatures vanquished.

Notes
Turn   | Place    | Note
-------+----------+-------------------------------------------
     0 | D:1      | Grimoiregrey the Draconian Transmuter began the quest for the Orb.
     0 | D:1      | Reached XP level 1. HP: 16/16 MP: 3/3
   209 | D:1      | Reached XP level 2. HP: 3/23 MP: 3/5
   230 | D:1      | HP: 1/23 [kobold/dagger (2)]
  1085 | D:1      | Reached XP level 3. HP: 28/28 MP: 4/6
  1270 | D:2      | Found a bloodstained altar of Trog.
  1318 | D:2      | Slain by a worm

Skill      XL: |  1  2 |
---------------+-------+-----
Transmutations | 3 |  3.7
Fighting       | |  1.1
Dodging        | |  1.7
Unarmed Combat | |  3.1
Spellcasting   | |  2.0

Action                   || total
-------------------------++-------
Melee: Unarmed           ||   121
       Headbutt          ||     7
       Tailslap          ||     9
       Kick              ||     3
 Cast: Beastly Appendage ||    12
  Eat: Chunk             ||     1
Armor: Skin              ||    44
Dodge: Dodged            ||    95
